Map: Catalyst LE

Players

LiquidMaNa (MaNa)

  • Race: Protoss Protoss
  • League: Grandmaster
  • Spawn Location: 11:00

Solar - Winner!

  • Race: Zerg Zerg
  • Spawn Location: 5:00

Event: HomeStory Cup XVII

VOD

Have the link to the VOD?

Description

Time

  • Played on: June 28, 2018, 3:50 p.m.
  • Length: 7:34

All games in this series

Show
View Real Time Build Order
Export as new Build Order

LiquidMaNa Protoss 

Build Orders: 1 Gate Expand, Blink Stalkers 

Get SALT Encoding   

  12  0:00  Probe  
  13  0:12  Probe  
  14  0:19  Pylon  
  14  0:24  Probe  
  15  0:30  Assimilator  
  15  0:34  Probe  
  15  0:42  Probe  
  16  0:49  Gateway  
  17  0:51  Probe  
  18  0:59  Probe  
  19  1:07  Probe  
  20  1:28  Nexus  
  20  1:38  Cybernetics Core  
  20  1:41  Probe  
  21  1:48  Assimilator  
  21  1:53  Probe  
  22  1:57  Pylon  
  22  2:05  Probe, Warp Gate, Stalker  
  25  2:17  Probe  
  26  2:26  Twilight Council  
  26  2:29  Probe  
  27  2:33  Blink  
  27  2:37  Stalker  
  27  2:43  Probe  
  30  2:44  Probe  
  31  3:07  Stalker  
  33  3:13  Gateway  
  33  3:18  Gateway  
  33  3:24  Gateway  
  33  3:37  Stalker  
  35  3:44  Pylon  
  35  3:51  Probe x2  
  37  4:01  Pylon  
  37  4:16  Stalker  
  37  4:17  Stalker x2  
  41  4:19  Stalker  
  45  4:27  Pylon  
  45  4:29  Probe x2  
  47  4:31  Pylon  
  46  4:46  Stalker x3  
  46  4:47  Stalker  
  54  4:57  Probe x2  
  56  5:10  Stalker x3  
  56  5:13  Stalker  
  64  5:18  Pylon  
  64  5:20  Stalker x3  
  62  5:25  Robotics Facility  
  62  5:33  Probe x2  
  60  5:41  Probe  
  56  5:43  Stalker x2  
  56  5:45  Probe  
  56  5:48  Assimilator, Stalker  
  56  5:49  Probe  
  65  5:57  Probe  
  65  6:03  Warp Prism, Stalker  
  68  6:04  Pylon  
  70  6:23  Gateway  
  70  6:26  Stalker x2  
  70  6:30  Stalker  
  76  6:35  Stalker  
  78  6:40  Pylon  
  78  6:56  Pylon  
  78  7:01  Stalker x3  
  78  7:02  Stalker  
  78  7:06  Shield Battery  
  86  7:10  Shield Battery  
  86  7:14  Pylon  
  86  7:19  Pylon  
  86  7:32  Cybernetics Core  
Show
View Real Time Build Order
Export as new Build Order

Solar Zerg - Winner!

Build Orders: Hatch First 

Get SALT Encoding   

  12  0:01  Drone  
  13  0:12  Overlord  
  13  0:17  Drone  
  14  0:31  Drone x2  
  16  0:49  Hatchery  
  15  0:51  Drone  
  15  0:55  Drone  
  17  0:58  Drone  
  18  1:05  Extractor  
  17  1:15  Spawning Pool  
  17  1:18  Drone  
  17  1:23  Drone  
  18  1:28  Drone  
  19  1:39  Drone  
  20  1:49  Overlord  
  20  2:01  Queen  
  20  2:02  Queen  
  20  2:03  Zergling x4  
  26  2:09  Metabolic Boost  
  26  2:16  Drone x2  
  26  2:22  Drone  
  29  2:35  Hatchery  
  28  2:38  Drone  
  28  2:42  Drone  
  30  2:45  Drone  
  30  2:50  Queen  
  33  2:55  Overlord  
  33  2:59  Drone  
  33  3:00  Drone  
  33  3:03  Drone  
  36  3:14  Drone x2  
  36  3:16  Drone x4  
  42  3:20  Overlord  
  42  3:29  Spore Crawler  
  42  3:30  Queen  
  43  3:39  Drone x2  
  43  3:40  Overlord  
  44  3:41  Drone  
  44  3:47  Zergling x6  
  47  3:49  Drone x2  
  49  3:58  Roach Warren  
  49  3:59  Drone x3  
  49  4:01  Drone x2  
  53  4:09  Drone  
  54  4:10  Extractor  
  54  4:11  Extractor  
  54  4:12  Overlord  
  54  4:16  Zergling x6  
  55  4:26  Zergling x2  
  55  4:27  Zergling x8  
  60  4:32  Overlord  
  60  4:40  Roach x5  
  60  4:43  Roach  
  70  4:49  Roach x2  
  70  4:51  Overlord  
  70  4:52  Roach x3  
  78  4:53  Zergling x2  
  78  4:55  Zergling x2  
  78  4:59  Overlord  
  80  5:03  Overlord  
  80  5:04  Zergling x2  
  77  5:07  Zergling x2  
  77  5:11  Ravager  
  78  5:15  Zergling x10  
  82  5:22  Roach x2  
  82  5:23  Ravager x2  
  82  5:24  Zergling x2  
  89  5:30  Zergling x2  
  89  5:35  Roach x2  
  93  5:42  Zergling x2  
  90  5:43  Zergling x6  
  90  5:47  Zergling x4  
  95  5:52  Lair  
  95  5:53  Overlord  
  95  5:56  Drone  
  95  5:57  Drone  
  95  6:00  Drone  
  95  6:03  Drone  
  97  6:10  Drone  
  94  6:12  Roach  
  94  6:17  Overlord  
  94  6:18  Roach x3  
  102  6:21  Roach  
  102  6:23  Ravager  
  102  6:24  Roach  
  107  6:26  Roach  
  107  6:29  Roach  
  112  6:32  Zergling x2  
  112  6:34  Ravager  
  112  6:35  Zergling x2  
  112  6:37  Overlord  
  112  6:38  Overlord, Zergling x2  
  112  6:39  Zergling x6  
  118  6:41  Zergling x2  
  118  6:46  Roach  
  121  6:48  Overlord  
  121  6:51  Zergling x4  
  120  6:54  Zergling x4  
  120  6:57  Overlord  
  120  7:00  Roach  
  123  7:05  Roach  
  123  7:07  Roach x4  
  133  7:10  Overseer  
  133  7:11  Overlord  
  133  7:13  Roach  
Tags
 
Add a new tag
Caveats
  • Supply blocks, unpowered buildings, or Contaminate may cause inaccurate times.
  • Supply counts are checked every 10 seconds.